 Dungeon Crawl Stone Soup version 0.28.0 (webtiles) character file.

Game seed: 1430119432051047565

282 AlmostDecent the Chopper (level 6, 0/39 HPs)
             Began as a Gargoyle Berserker on Feb 5, 2022.
             Was a Believer of Trog.
             Slain by an iguana (3 damage)
             ... on level 3 of the Dungeon.
             The game lasted 00:06:57 (3623 turns).

AlmostDecent the Chopper (Gargoyle Berserker)       Turns: 3623, Time: 00:06:58

Health: 0/39       AC: 15    Str: 20    XL:     6   Next: 28%
Magic:  6/6        EV:  8    Int:  8    God:    Trog [**....]
Gold:   137        SH:  0    Dex: 11    Spells: 5/5 levels left

rFire   . . .      SeeInvis .   a - +0 hand axe
rCold   . . .      Faith    .   (no shield)
rNeg    + . .      Spirit   .   k - +0 chain mail
rPois   ∞          Reflect  .   (no helmet)
rElec   +          Harm     .   b - +1 cloak
rCorr   .          Rampage  .   (no gloves)
Will    .....                   (no boots)
Stlth   ..........              (no amulet)
HPRegen 0.13/turn               (no ring)
MPRegen 0.10/turn               (no ring)

@: on berserk cooldown, slowed, very slow
A: sickness immunity, AC +4, negative energy resistance 1, electricity
resistance, torment resistance 1, petrification resistance
a: Renounce Religion, Berserk, Trog's Hand


You were on level 3 of the Dungeon.
You worshipped Trog.
Trog was pleased with you.
You visited 1 branch of the dungeon, and saw 4 of its levels.

You collected 137 gold pieces.

Inventory:

Hand Weapons
 a - a +0 hand axe (weapon)
Missiles
 e - 4 boomerangs (quivered)
Armour
 b - a +1 cloak (worn)
 k - a +0 chain mail (worn)
Jewellery
 l - a +6 ring of dexterity
 o - a ring of ice
Scrolls
 d - a scroll of enchant weapon {unknown}
 g - 3 scrolls of identify {unknown}
 h - 2 scrolls of teleportation {unknown}
 i - a scroll of vulnerability {unknown}
Potions
 c - a potion of ambrosia {unknown}
 f - a potion of degeneration {unknown}
 j - a potion of haste {unknown}
 m - a potion of lignification {unknown}
 n - a potion of heal wounds {unknown}


   Skills:
 + Level 4.4 Fighting
 * Level 5.6 Axes
 - Level 2.1 Armour
 - Level 1.5 Dodging
 + Level 0.8 Stealth


You had 5 spell levels left.
You didn't know any spells.
Your spell library was empty.

Dungeon Overview and Level Annotations

Branches:
Dungeon (4/15)
 Temple: D:4-7

Altars:
Dithmenos


Innate Abilities, Weirdness & Mutations

You are immune to sickness and miasma.
Your stone body is resilient. (AC +4)
You are immune to poison.
You resist negative energy. (rN+)
You are resistant to electric shocks. (rElec)
You are resistant to unholy torment.
You are immune to petrification.


Message History

The orc hits you but does no damage. The adder barely misses you.
You hit the orc.
The orc is heavily wounded.
You barely miss the orc. You completely miss the adder.
You completely miss the iguana.
The orc priest looks encouraged for a moment.
The iguana bites you. The adder bites you but does no damage.
The orc hits you but does no damage. The orc closely misses you.
The adder bites you but does no damage. The iguana bites you!
The orc hits you but does no damage. x2; The adder misses you.
The orc hits you with a +0 hand axe.
* * * LOW HITPOINT WARNING * * *
The orc priest calls upon Beogh to heal the orc.
The orc's wounds heal themselves!
The adder barely misses you. The orc hits you with a +0 dagger.
* * * LOW HITPOINT WARNING * * *
The adder closely misses you.
The adder bites you but does no damage. x2
The iguana bites you but does no damage.
The iguana bites you.
* * * LOW HITPOINT WARNING * * *
There is a stone staircase leading up here.
The iguana bites you but does no damage.
The adder bites you but does no damage. The iguana bites you.
* * * LOW HITPOINT WARNING * * *
The adder bites you but does no damage.
You climb upwards.
There is a stone staircase leading down here.
Okay, then.
You closely miss the iguana.
The iguana bites you but does no damage.
The iguana completely misses you.
You hit the iguana.
The iguana is lightly wounded.
The iguana bites you.
* * * LOW HITPOINT WARNING * * *
You closely miss the iguana.
The iguana is lightly wounded.
The iguana barely misses you. The iguana bites you.
You die...

.≈≈≈≈≈≈≈≈P..#...###.#.#####...###
...≈≈≈≈≈≈.....................)).
PP.≈≈≈[.P.P##...###.#.#####...###
...........###....#.#.# #.....#
##.....##### ##.#.#.#.###.###.#
##...## #.#.#.#.........# ##+##
#.#.#.#####.##### #.#
#######.....# #.# #.#
#....>>l@.#######.### ####.##
#.######### #.......# ......###.#
#.###.#.# ##.....##.# #.#
#.#.#### #.....###.### #.#
#......# #....##.....# #.#
###.##.# ......#.###.# #.#
#.##.## ........# #.#
#.#####.##... ......#.###.####
#.......#####


You could see an iguana.

Vanquished Creatures
  Crazy Yiuf (D:3)
  An iguana (D:4)
  An orc wizard (D:3)
  7 gnolls
  5 adders
  2 worms (D:2)
  A dart slug (D:2)
  6 orcs
  5 ball pythons
  6 bats
  8 endoplasms
  2 giant cockroaches (D:1)
  5 goblins
  6 hobgoblins
  4 jackals (D:1)
  4 quokkas
  A frilled lizard (D:1)
  4 kobolds
  8 rats
77 creatures vanquished.

Vanquished Creatures (others)
  2 fungi (D:3)
  2 plants (D:4)
4 creatures vanquished.

Grand Total: 81 creatures vanquished

Notes
Turn   | Place    | Note
-------+----------+-------------------------------------------
     0 | D:1      | AlmostDecent the Gargoyle Berserker began the quest for the
                  | Orb.
     0 | D:1      | Reached XP level 1. HP: 14/14 MP: 1/1
    99 | D:1      | Reached skill level 3 in Axes
   210 | D:1      | Reached XP level 2. HP: 18/19 MP: 2/2
   420 | D:1      | Reached XP level 3. HP: 18/24 MP: 3/3
  1456 | D:2      | Reached XP level 4. HP: 29/29 MP: 4/4
  1459 | D:2      | Reached skill level 4 in Axes
  1574 | D:2      | Found a faded altar of an unknown god.
  1687 | D:2      | Reached ** piety under Trog
  1831 | D:2      | Reached XP level 5. HP: 29/33 MP: 5/5
  1962 | D:2      | Found a shadowy altar of Dithmenos.
  2532 | D:3      | Found a runed translucent door.
  2533 | D:3      | Noticed Crazy Yiuf
  2540 | D:3      | Killed Crazy Yiuf
  2690 | D:3      | Reached skill level 5 in Axes
  2975 | D:3      | Reached XP level 6. HP: 28/39 MP: 6/6
  3623 | D:3      | Slain by an iguana

Illustrated notes

Levels and vault maps discovered:
D:1:      minmay_arrival_arboretum_small, layout_basic
D:2:      layout_basic, chequers_ecumenical_altar_simple_redux, basic_altar
D:3:      layout_loops_corners, guppyfry_early_lair_pool,
          uniq_crazy_yiuf_cottage
D:4:      layout_loops_ring, old_standard_altar, serial_bayou,
          serial_bayou_crossing, serial_bayou_pond_b, serial_bayou_pond_c,
          serial_bayou_shore_a

Skill      XL: |  1  2  3  4  5 |
---------------+----------------+-----
Axes           | 3 4 5 |  5.6
Fighting       | 4 |  4.4
Armour         | |  2.1
Dodging        | |  1.5
Stealth        | |  0.8

Action                   |  1- 3 |  4- 6 || total
-------------------------+-------+-------++-------
Melee: Hand axe          |   117 |   172 ||   289
       Punch             |     3 |     3 ||     6
Invok: Berserk           |     1 |     2 ||     3
Armor: Animal skin       |    23 |       ||    23
       Ring mail         |    38 |    30 ||    68
       Chain mail        |       |    70 ||    70
Dodge: Dodged            |    80 |    86 ||   166
